 Dungeon Crawl Stone Soup version 0.22.1-2-g9c5b331 (webtiles) character file.

137 Harpaggios the Sneak (level 5, -4/26 HPs)
             Began as a Vine Stalker Enchanter on Dec 31, 2018.
             Killed by divine providence
             ... invoked by an orc priest
              (12 damage)
             ... on level 3 of the Dungeon.
             The game lasted 00:12:15 (2263 turns).

Harpaggios the Sneak (Vine Stalker Enchanter)       Turns: 2263, Time: 00:12:18

Health: -4/26      AC:  5    Str: 11    XL:     5   Next: 20%
Magic:  0/11       EV: 12    Int: 15    God:
Gold:   176        SH:  0    Dex: 15    Spells: 6/10 levels left

rFire    . . .     SeeInvis .   l - +0 dagger (venom)
rCold    . . .     Gourm    .   (no shield)
rNeg     . . .     Faith    .   b - +0 robe
rPois    .         Spirit   +   (no helmet)
rElec    .         Reflect  .   f - +2 cloak
rCorr    .         Harm     .   (no gloves)
MR       .....                  (no boots)
Stlth    ++++......             (no amulet)
HPRegen  0.48/turn              c - ring of stealth
MPRegen  0.12/turn              (no ring)

@: no status effects
A: fangs 2, regeneration 1, magic shield, antimagic bite, no potion heal 3, rot
immunity
a: no special abilities


You were on level 3 of the Dungeon.
You were very hungry.

You visited 1 branch of the dungeon, and saw 3 of its levels.

You collected 176 gold pieces.

Inventory:

Hand Weapons
 a - a +1 dagger
 l - a +0 dagger of venom (weapon)
Armour
 b - a +0 robe (worn)
 f - a +2 cloak (worn)
Jewellery
 c - a ring of stealth (left hand)
Wands
 n - a wand of random effects (11)
Scrolls
 g - a scroll of remove curse
 j - a scroll of enchant armour
Potions
 e - a potion of curing {unknown}
 h - a potion of ambrosia {unknown}
 i - a potion of agility
 k - a potion of magic {unknown}
Comestibles
 d - 9 rations


   Skills:
 * Level 2.1 Fighting
 + Level 1.7 Short Blades
 + Level 2.0 Dodging
 + Level 4.3 Stealth
 * Level 3.4 Spellcasting
 - Level 3.0 Hexes


You had 6 spell levels left.
You knew the following spells:

 Your Spells              Type           Power        Failure   Level  Hunger
a - Corona                Hex            ##.....      5%          1    None
b - Confuse               Hex            ##......     17%         3    ###....

Your spell library contained the following spells:

 Spells                   Type           Power        Failure   Level  Hunger
 Ensorcelled Hibernation  Hex/Ice        #.....       16%         2    ##.....
 Tukima's Dance           Hex            ##......     17%         3    ###....
 Dazzling Spray           Conj/Hex       #.....       30%         3    ###....


Dungeon Overview and Level Annotations

Branches:
Dungeon (3/15)

Altars:
Fedhas
Gozag
Hepliaklqana
Kikubaaqudgha
Xom
The Shining One


Innate Abilities, Weirdness & Mutations

You have extremely sharp teeth.
Your natural rate of healing is unusually fast.
When hurt, damage is shared between your health and your magic reserves.
Your bite disrupts and absorbs the magic of your enemies.
Potions cannot restore your health.
You are immune to rotting.


Message History

The orc priest looks even sicker.
The orc priest is moderately wounded.
The orc priest closely misses you.
You hit the orc priest but do no damage.
The orc priest looks as sick as possible!
The orc priest is heavily wounded.
The orc priest hits you.
* * * LOW HITPOINT WARNING * * *
You hit the orc priest but do no damage.
The orc priest looks as sick as possible!
The orc priest is severely wounded.
The orc priest calls upon Beogh to heal the orc priest.
The orc priest is healed somewhat.
The orc priest closely misses you.
You hit the orc priest but do no damage.
The orc priest looks as sick as possible!
You bite the orc priest. You drain its power.
You feel invigorated.
The orc priest is heavily wounded.
The orc priest mumbles some strange prayers to Beogh against you.
Beogh smites you!
You die...

#.#...# #......
#.#...# #..###.
##.#...######.. ##
#.......<.#..#.# #
##...........#
#.###
..........).##
##...
##.#...###..###.###
#.#...###.<.#.....
#@#...........####
#o#.#####..#..#
####o.........#..#
#o..o............#
#)####.######.##.#
#.............##.#
....###.#########.#
..... ... .#
####o####.


You could see an orc warrior (confused) and 2 orc priests.

Vanquished Creatures
  Natasha (thrice) (D:2)
  An ooze (D:1)
  3 worms (D:2)
  An orc (D:3)
  A ball python (D:1)
  8 bats
  7 goblins
  5 hobgoblins
  2 jackals (D:2)
  A quokka (D:2)
  4 frilled lizards
  8 kobolds
  4 rats
48 creatures vanquished.

Notes
Turn   | Place    | Note
-------+----------+-------------------------------------------
     0 | D:1      | Harpaggios the Vine Stalker Enchanter began the quest for
                  | the Orb.
     0 | D:1      | Reached XP level 1. HP: 9/9 MP: 4/4
    70 | D:1      | Reached skill level 1 in Short Blades
    70 | D:1      | Reached XP level 2. HP: 14/14 MP: 6/6
   488 | D:1      | Reached skill level 1 in Fighting
   848 | D:1      | Reached XP level 3. HP: 16/18 MP: 5/8
   951 | D:1      | Learned a level 3 spell: Confuse
  1492 | D:2      | Found a blossoming altar of Fedhas.
  1724 | D:2      | Noticed Natasha
  1728 | D:2      | Killed Natasha
  1728 | D:2      | Reached skill level 4 in Stealth
  1728 | D:2      | Gained mutation: Your natural rate of healing is unusually
                  | fast. [Vine Stalker growth]
  1728 | D:2      | Reached XP level 4. HP: 22/22 MP: 9/9
  1803 | D:2      | Found an opulent altar of Gozag.
  1806 | D:2      | Found a glowing golden altar of the Shining One.
  1808 | D:2      | Found an ancient bone altar of Kikubaaqudgha.
  1808 | D:2      | Found a shimmering altar of Xom.
  1841 | D:2      | Found a hazy altar of Hepliaklqana.
  1985 | D:2      | Noticed Natasha
  1993 | D:2      | Killed Natasha
  1995 | D:2      | Noticed Natasha
  2005 | D:2      | Killed Natasha
  2005 | D:2      | Reached XP level 5. HP: 9/26 MP: 3/11
  2252 | D:3      | Noticed an orc warrior
  2263 | D:3      | Killed from afar by an orc priest

Skill      XL: |  1  2  3  4 |
---------------+-------------+-----
Short Blades   | 1 |  1.7
Fighting       | 1 2 |  2.1
Stealth        | 4 |  4.3
Spellcasting   | 3 |  3.4
Dodging        | 2 |  2.0
Hexes          | |  3.0

Action                   |  1- 3 |  4- 6 || total
-------------------------+-------+-------++-------
Melee: Dagger            |   104 |    71 ||   175
       Bite              |    21 |    12 ||    33
 Cast: Corona            |     4 |     5 ||     9
       Confuse           |     2 |     5 ||     7
  Use: Scroll            |     3 |     3 ||     6
 Stab: Sleeping          |     5 |     3 ||     8
       Confused          |     1 |       ||     1
  Eat: Chunk             |     3 |     1 ||     4
Armor: Robe              |    12 |    11 ||    23
Dodge: Dodged            |    66 |    34 ||   100
